TOP OF THE 1ST |
New Jersey Devils batting - Pitching for Canton Indians : RHP Tom Frost
|
Pitching: RHP Tom Frost
|
|
Batting: RHB Sam Callahan
|
0-0: Ball 1-0: Ground out 6-3 (Groundball, 6, EV 89.4 MPH)
|
Batting: RHB Eric Zylstra
|
0-0: Ball 1-0: Ball 2-0: Called Strike 2-1: Foul Ball, location: 2F 2-2: Ball 3-2: Base on Balls
|
Batting: RHB Nate Henderson
|
0-0: Ball 1-0: Called Strike 1-1: Ball 2-1: Foul Ball, location: 2F 2-2: Ball 3-2: Strikes out swinging Eric Zylstra is caught stealing 2nd base 2-4 Batter strikes out.
|
Top of the 1st over - 0 runs, 0 hits, 0 errors, 0 left on base; New Jersey 0 - Canton 0 |
BOTTOM OF THE 1ST |
Canton Indians batting - Pitching for New Jersey Devils : RHP Mark Paddock
|
Pitching: RHP Mark Paddock
|
|
Batting: RHB George Wagner
|
0-0: Ball 1-0: Bunt for hit to P - play at first, batter safe!
|
Batting: RHB Josh Patterson
|
0-0: Called Strike 0-1: Ball 1-1: Fly out, F9 (Line Drive, 9, EV 101.9 MPH)
|
Batting: RHB Jose Rodriguez
|
0-0: Fly out, F9 (Flyball, 9, EV 85.6 MPH)
|
Batting: RHB Leo Villa
|
0-0: Called Strike Passed Ball! George Wagner to second 0-1: Ground out 4-3 (Groundball, 4, EV 89.4 MPH)
|
Bottom of the 1st over - 0 runs, 1 hit, 0 errors, 1 left on base; New Jersey 0 - Canton 0 |
TOP OF THE 2ND |
New Jersey Devils batting - Pitching for Canton Indians : RHP Tom Frost
|
Batting: RHB Bill Crogan
|
0-0: Foul Ball, location: 2F 0-1: Ball 1-1: Foul Ball, location: 2F 1-2: Strikes out swinging
|
Batting: RHB Juan Medina
|
0-0: Called Strike 0-1: Ball 1-1: Ground out 1-3 (Groundball, 34S, EV 65.0 MPH)
|
Batting: LHB Brad Guffin
|
0-0: Called Strike 0-1: Foul Ball, location: 2F 0-2: Ball 1-2: Ball 2-2: Ball 3-2: Strikes out looking
|
Top of the 2nd over - 0 runs, 0 hits, 0 errors, 0 left on base; New Jersey 0 - Canton 0 |
BOTTOM OF THE 2ND |
Canton Indians batting - Pitching for New Jersey Devils : RHP Mark Paddock
|
Batting: RHB Gary Ming
|
0-0: Called Strike 0-1: Ball 1-1: Foul Ball, location: 2F 1-2: Ball 2-2: Ball 3-2: Base on Balls
|
Batting: RHB Charles Blatchford
|
0-0: Grounds into double play, 4-6-3 (Groundball, 4, EV 84.4 MPH)
|
Batting: RHB Tacito Carreiro
|
0-0: Ball 1-0: Ball 2-0: Called Strike 2-1: Ball 3-1: Base on Balls
|
Batting: RHB Ruben Irizarry
|
0-0: Called Strike 0-1: Ball Passed Ball! Tacito Carreiro to second 1-1: Ball Passed Ball! Tacito Carreiro to third 2-1: Ball 3-1: Foul Ball, location: 2F 3-2: Ground out 4-3 (Groundball, 4S, EV 75.6 MPH)
|
Bottom of the 2nd over - 0 runs, 0 hits, 0 errors, 1 left on base; New Jersey 0 - Canton 0 |
TOP OF THE 3RD |
New Jersey Devils batting - Pitching for Canton Indians : RHP Tom Frost
|
Batting: RHB Dan Mathews
|
0-0: Ball 1-0: Called Strike 1-1: Foul Ball, location: 2F 1-2: Fly out, F8 (Flyball, 8RD, EV 99.4 MPH)
|
Batting: RHB Frank Emery
|
0-0: Ball 1-0: Ball 2-0: Ball 3-0: Base on Balls
|
Batting: RHB Emanuel Anochondo
|
0-0: Sac Bunt to 2R - play at first, batter OUT! 2-3 Frank Emery to second
|
Batting: RHB Sam Callahan
|
0-0: Fly out, F9 (Flyball, 9LM, EV 86.9 MPH)
|
Top of the 3rd over - 0 runs, 0 hits, 0 errors, 1 left on base; New Jersey 0 - Canton 0 |
BOTTOM OF THE 3RD |
Canton Indians batting - Pitching for New Jersey Devils : RHP Mark Paddock
|
Batting: RHB Aubrey Regimbald
|
0-0: Swinging Strike 0-1: Ball 1-1: Foul Ball, location: 2F 1-2: Strikes out looking
|
Batting: RHB George Wagner
|
0-0: Ball 1-0: Called Strike 1-1: Foul Ball, location: 2F 1-2: Fly out, F8 (Flyball, 89D, EV 100.0 MPH)
|
Batting: RHB Josh Patterson
|
0-0: Fly out, F5 (Popup, 56, EV 75.0 MPH)
|
Bottom of the 3rd over - 0 runs, 0 hits, 0 errors, 0 left on base; New Jersey 0 - Canton 0 |
TOP OF THE 4TH |
New Jersey Devils batting - Pitching for Canton Indians : RHP Tom Frost
|
Batting: RHB Eric Zylstra
|
0-0: Foul Ball, location: 2F 0-1: Swinging Strike 0-2: Foul Ball, location: 2F 0-2: Strikes out swinging
|
Batting: RHB Nate Henderson
|
0-0: Ball 1-0: Called Strike 1-1: Foul Ball, location: 2F 1-2: Strikes out swinging
|
Batting: RHB Bill Crogan
|
0-0: Foul Ball, location: 2F 0-1: Foul Ball, location: 2F 0-2: Foul Ball, location: 2F 0-2: Foul Ball, location: 2F 0-2: Ball 1-2: Foul Ball, location: 2F 1-2: Foul Ball, location: 2F 1-2: Fly out, F7 (Flyball, 7, EV 90.0 MPH)
|
Top of the 4th over - 0 runs, 0 hits, 0 errors, 0 left on base; New Jersey 0 - Canton 0 |
BOTTOM OF THE 4TH |
Canton Indians batting - Pitching for New Jersey Devils : RHP Mark Paddock
|
Batting: RHB Jose Rodriguez
|
0-0: Reached on error, E3 (Groundball, 34D, EV 106.9 MPH)
|
Batting: RHB Leo Villa
|
0-0: Ball 1-0: Called Strike 1-1: Fly out, F8 (Flyball, 8RM, EV 89.4 MPH)
|
Batting: RHB Gary Ming
|
0-0: DOUBLE (Line Drive, 78D, EV 95.6 MPH) Jose Rodriguez to third
|
Batting: RHB Charles Blatchford
|
0-0: Ball Passed Ball! Jose Rodriguez scores Gary Ming to third 1-0: Ball 2-0: Ball Wild Pitch! Gary Ming scores 3-0: Swinging Strike 3-1: Base on Balls
|
Batting: RHB Tacito Carreiro
|
0-0: Called Strike 0-1: Ball 1-1: Ball 2-1: Ball Passed Ball! Charles Blatchford to second 3-1: Called Strike 3-2: Foul Ball, location: 2F 3-2: Base on Balls
|
Batting: RHB Ruben Irizarry
|
0-0: Ball 1-0: DOUBLE (Flyball, 9D, EV 96.9 MPH) Charles Blatchford scores Tacito Carreiro to third
|
Batting: RHB Aubrey Regimbald
|
0-0: Ball 1-0: Ball 2-0: Ball 3-0: Called Strike 3-1: Foul Ball, location: 2F 3-2: Fly out, F8 (Flyball, 8RM, EV 80.6 MPH)
|
Batting: RHB George Wagner
|
0-0: Called Strike 0-1: Ground out 4-3 (Groundball, 4, EV 102.5 MPH)
|
Bottom of the 4th over - 3 runs, 2 hits, 1 error, 2 left on base; New Jersey 0 - Canton 3 |
TOP OF THE 5TH |
New Jersey Devils batting - Pitching for Canton Indians : RHP Tom Frost
|
Batting: RHB Juan Medina
|
0-0: Fly out, F8 (Flyball, 78D, EV 92.5 MPH)
|
Batting: LHB Brad Guffin
|
0-0: Ball 1-0: SOLO HOME RUN (Flyball, 9LD, EV 96.9 MPH), Distance : 345 ft
|
Batting: RHB Dan Mathews
|
0-0: Called Strike 0-1: Swinging Strike 0-2: Ball 1-2: Strikes out swinging
|
Batting: RHB Frank Emery
|
0-0: Called Strike 0-1: Ball 1-1: Swinging Strike 1-2: Strikes out swinging
|
Top of the 5th over - 1 run, 1 hit, 0 errors, 0 left on base; New Jersey 1 - Canton 3 |
BOTTOM OF THE 5TH |
Canton Indians batting - Pitching for New Jersey Devils : RHP Mark Paddock
|
Batting: RHB Josh Patterson
|
0-0: Called Strike 0-1: Foul Ball, location: 2F 0-2: Strikes out swinging
|
Batting: RHB Jose Rodriguez
|
0-0: Ball 1-0: SINGLE (Groundball, 56D, EV 109.4 MPH)
|
Batting: RHB Leo Villa
|
0-0: Ball Jose Rodriguez steals 2nd base 1-0: Foul Ball, location: 2F 1-1: Called Strike 1-2: Foul Ball, location: 2F 1-2: Ball 2-2: Ground out 6-3 (Groundball, 6, EV 103.1 MPH)
|
Batting: RHB Gary Ming
|
0-0: Ball 1-0: Foul Ball, location: 2F 1-1: Foul Ball, location: 2F 1-2: Foul Ball, location: 2F 1-2: Foul Ball, location: 2F 1-2: Foul Ball, location: 2F 1-2: Ground out 6-3 (Groundball, 6, EV 104.4 MPH)
|
Bottom of the 5th over - 0 runs, 1 hit, 0 errors, 1 left on base; New Jersey 1 - Canton 3 |
TOP OF THE 6TH |
New Jersey Devils batting - Pitching for Canton Indians : RHP Tom Frost
|
Batting: RHB Emanuel Anochondo
|
0-0: Called Strike 0-1: Ball 1-1: Ball 2-1: SINGLE (Line Drive, 8RS, EV 85.6 MPH)
|
Batting: RHB Sam Callahan
|
0-0: Ball 1-0: Ball 2-0: Foul Ball, location: 2F 2-1: Ball 3-1: Called Strike 3-2: SINGLE (Line Drive, 9S, EV 91.2 MPH) Emanuel Anochondo to second Runner from 2nd tries for 3rd, SAFE, throw by RF made to third
|
Batting: RHB Eric Zylstra
|
0-0: Ball 1-0: Fielders Choice at 2nd, 4-6 (Groundball, 34S, EV 88.1 MPH) Emanuel Anochondo scores
|
Batting: RHB Nate Henderson
|
0-0: Ball 1-0: Foul Ball, location: 2F 1-1: Ball 2-1: Ball 3-1: Foul Ball, location: 2F 3-2: Foul Ball, location: 2F 3-2: Strikes out looking
|
Batting: RHB Bill Crogan
|
0-0: Called Strike 0-1: Called Strike 0-2: Foul Ball, location: 2F 0-2: Ball 1-2: Ball 2-2: Ball 3-2: Fly out, F8 (Flyball, 8RM, EV 73.1 MPH)
|
Top of the 6th over - 1 run, 2 hits, 0 errors, 1 left on base; New Jersey 2 - Canton 3 |
BOTTOM OF THE 6TH |
Canton Indians batting - Pitching for New Jersey Devils : RHP Mark Paddock
|
Batting: RHB Charles Blatchford
|
0-0: SINGLE (Groundball, 34D, EV 101.9 MPH)
|
Batting: RHB Tacito Carreiro
|
0-0: Ball 1-0: SINGLE (Line Drive, 6D, EV 99.4 MPH) Charles Blatchford to second
|
Batting: RHB Ruben Irizarry
|
0-0: Foul Ball, location: 2F 0-1: Ball 1-1: Called Strike 1-2: Ball 2-2: Fly out, F8 (Flyball, 8RXD, EV 105.0 MPH) Runner from 2nd tags up, SAFE at 3rd, no throw by CF
|
Batting: RHB Aubrey Regimbald
|
0-0: DOUBLE (Line Drive, 78D, EV 90.0 MPH) Charles Blatchford scores Tacito Carreiro to third
|
Batting: RHB George Wagner
|
0-0: Ground out U3 (Groundball, 13, EV 86.2 MPH) Tacito Carreiro scores Aubrey Regimbald to third
|
Batting: RHB Josh Patterson
|
0-0: Called Strike 0-1: Foul Ball, location: 2F 0-2: Ball 1-2: Ball 2-2: Foul Ball, location: 2F 2-2: Ball 3-2: Ground out 4-3 (Groundball, 4, EV 84.4 MPH)
|
Bottom of the 6th over - 2 runs, 3 hits, 0 errors, 1 left on base; New Jersey 2 - Canton 5 |
TOP OF THE 7TH |
New Jersey Devils batting - Pitching for Canton Indians : RHP Tom Frost
|
Pitching: RHP Yann Jarry
|
|
Batting: RHB Juan Medina
|
0-0: Ball 1-0: Foul Ball, location: 2F 1-1: Foul Ball, location: 2F 1-2: DOUBLE (Line Drive, 9LM, EV 95.0 MPH)
|
Batting: LHB Brad Guffin
|
0-0: Bunted foul 0-1: Sac Bunt to P - play at first, batter OUT! 1-4 Juan Medina to third
|
Batting: RHB Dan Mathews
|
0-0: Ball 1-0: Fly out, F7 (Line Drive, 7, EV 93.8 MPH)
|
Batting: RHB Frank Emery
|
0-0: Called Strike 0-1: Swinging Strike 0-2: Ball 1-2: Ball 2-2: Ball 3-2: Strikes out swinging
|
Top of the 7th over - 0 runs, 1 hit, 0 errors, 1 left on base; New Jersey 2 - Canton 5 |
BOTTOM OF THE 7TH |
Canton Indians batting - Pitching for New Jersey Devils : RHP Mark Paddock
|
Pitching: LHP Joe Edwards
|
|
Batting: RHB Jose Rodriguez
|
0-0: Called Strike 0-1: SINGLE (Groundball, 25, EV 65.6 MPH) (infield hit)
|
Batting: RHB Leo Villa
|
0-0: Fly out, F8 (Flyball, 89M, EV 87.5 MPH)
|
Batting: RHB Gary Ming
|
0-0: Fly out, F5 (Line Drive, 5, EV 67.5 MPH)
|
Batting: RHB Charles Blatchford
|
0-0: Called Strike 0-1: Ball Passed Ball! Jose Rodriguez to second 1-1: Foul Ball, location: 2F 1-2: Ground out U3 (Groundball, 13, EV 78.1 MPH)
|
Bottom of the 7th over - 0 runs, 1 hit, 0 errors, 1 left on base; New Jersey 2 - Canton 5 |
TOP OF THE 8TH |
New Jersey Devils batting - Pitching for Canton Indians : RHP Yann Jarry
|
Batting: RHB Emanuel Anochondo
|
0-0: Called Strike 0-1: Called Strike 0-2: Ball 1-2: Ground out 3-1 (Groundball, 34, EV 111.2 MPH)
|
Batting: RHB Sam Callahan
|
0-0: Ball 1-0: Foul Ball, location: 2F 1-1: Foul Ball, location: 2F 1-2: Ball 2-2: Ground out 4-3 (Groundball, 4, EV 80.6 MPH)
|
Batting: RHB Eric Zylstra
|
0-0: Foul Ball, location: 2F 0-1: Foul Ball, location: 2F 0-2: Ball 1-2: Ground out 5-3 (Groundball, 56, EV 85.0 MPH)
|
Top of the 8th over - 0 runs, 0 hits, 0 errors, 0 left on base; New Jersey 2 - Canton 5 |
BOTTOM OF THE 8TH |
Canton Indians batting - Pitching for New Jersey Devils : LHP Joe Edwards
|
Batting: RHB Tacito Carreiro
|
0-0: Ball 1-0: Ball 2-0: Ball 3-0: Called Strike 3-1: SINGLE (Groundball, 56, EV 103.1 MPH) (infield hit)
|
Batting: RHB Ruben Irizarry
|
0-0: Ball 1-0: Foul Ball, location: 2F 1-1: Ball 2-1: Ball 3-1: SINGLE (Groundball, 4MD, EV 96.9 MPH) Tacito Carreiro to second Throwing error, E8 Tacito Carreiro scores Ruben Irizarry to second
|
Batting: RHB Aubrey Regimbald
|
0-0: Swinging Strike 0-1: Ball 1-1: Ball 2-1: Ground out 5-3 (Groundball, 56, EV 94.4 MPH)
|
Batting: RHB George Wagner
|
0-0: Called Strike 0-1: Ball 1-1: Ball 2-1: Ball 3-1: Base on Balls
|
Batting: RHB Josh Patterson
|
0-0: Foul Ball, location: 2F 0-1: Ball Passed Ball! Ruben Irizarry to third George Wagner to second 1-1: Foul Ball, location: 2F 1-2: Ball 2-2: Foul Ball, location: 2F 2-2: Foul Ball, location: 2F 2-2: Foul Ball, location: 2F 2-2: Foul Ball, location: 2F 2-2: Fly out, F8 (Flyball, 8RXD, EV 108.8 MPH) Runner from 3rd tags up, SCORES, no throw by CF George Wagner to third
|
Batting: RHB Jose Rodriguez
|
0-0: Ball 1-0: Ball 2-0: Called Strike 2-1: Fly out, F6 (Popup, 6M, EV 66.2 MPH)
|
Bottom of the 8th over - 2 runs, 2 hits, 1 error, 1 left on base; New Jersey 2 - Canton 7 |
TOP OF THE 9TH |
New Jersey Devils batting - Pitching for Canton Indians : RHP Yann Jarry
|
Batting: RHB Nate Henderson
|
0-0: Called Strike 0-1: Foul Ball, location: 2F 0-2: Ball 1-2: Ball 2-2: Foul Ball, location: 2F 2-2: Ground out 4-3 (Groundball, 4, EV 107.5 MPH)
|
Batting: RHB Bill Crogan
|
0-0: Called Strike 0-1: Ball 1-1: Ball 2-1: SINGLE (Line Drive, 56D, EV 100.6 MPH)
|
Batting: RHB Juan Medina
|
0-0: Foul Ball, location: 2F 0-1: Ball 1-1: Fly out, F4 (Popup, 34, EV 81.9 MPH)
|
Batting: LHB Brad Guffin
|
0-0: Fly out, F8 (Flyball, 89M, EV 93.1 MPH)
|
Top of the 9th over - 0 runs, 1 hit, 0 errors, 1 left on base; New Jersey 2 - Canton 7 |
|